 Dungeon Crawl Stone Soup version 0.29-a0-1008-g949cc1d0fb (webtiles) character file.

Game seed: 1682065305672326840

33583 Zonian the Zephyrmancer (level 13, -15/70 HPs)
             Began as a Tengu Air Elementalist on Aug 7, 2022.
             Was a High Priest of Nemelex Xobeh.
             Killed from afar by an ice dragon (28 damage)
             ... with a blast of cold
             ... on level 4 of the Lair of Beasts.
             The game lasted 00:54:11 (26021 turns).

Zonian the Zephyrmancer (Tengu Air Elementalist)   Turns: 26021, Time: 00:54:19

Health: -15/70     AC: 10    Str:  9    XL:     13   Next: 71%
Magic:  6/26       EV: 26    Int: 24    God:    Nemelex Xobeh [*****.]
Gold:   1284       SH:  0    Dex: 15    Spells: 11/28 levels left

rFire   + . .      SeeInvis .   B - +7 falchion "Killer Klown's Peril" {flame, rElec}
rCold   . . .      Faith    .   (no shield)
rNeg    . . .      Spirit   .   E - +4 ring mail of the Dancing Gods {rF+ Int+4 Stlth+}
rPois   .          Reflect  .   (helmet restricted)
rElec   +          Harm     .   (no cloak)
rCorr   .          Rampage  .   L - +0 pair of gloves
Will    .....                   (boots unavailable)
Stlth   +++++.....              v - amulet of magic regeneration
HPRegen 0.21/turn               f - +4 ring of evasion
MPRegen 0.60/turn               q - +4 ring of evasion

@: flying quickly and evasively, quick
A: beak, talons 3, nimble flight
a: Renounce Religion, Draw Escape, Draw Destruction, Draw Summoning, Triple
Draw, Deal Four, Stack Five


You were on level 4 of the Lair of Beasts.
You worshipped Nemelex Xobeh.
Nemelex Xobeh was extremely pleased with you.
You visited 3 branches of the dungeon, and saw 16 of its levels.

You collected 1284 gold pieces.

Inventory:

Hand Weapons
 c - a +0 spear
 h - a +4 short sword
 x - a +0 rapier
 z - a +3 sling of flaming
 B - the +7 falchion "Killer Klown's Peril" (weapon) {flame, rElec}
   (You found it on level 6 of the Dungeon)

   It burns those it strikes, dealing additional fire damage.
   Big, fiery blades are also staple armaments of hydra-hunters.
   rElec:     It insulates you from electricity.
 N - a +2 war axe of venom
 P - a +3 spear of distortion
Missiles
 e - 28 poisoned darts
 y - 2 throwing nets
Armour
 a - a +1 robe
 C - a +2 leather armour of willpower
 E - the +4 ring mail of the Dancing Gods (worn) {rF+ Int+4 Stlth+}
   (You found it on level 8 of the Dungeon)

   Int:       It affects your intelligence (+4).
   rF:        It protects you from fire.
   Stlth:     It makes you more stealthy.
 L - a +0 pair of gloves (worn)
Magical Staves
 g - a staff of air
Jewellery
 f - a +4 ring of evasion (left hand)
 l - a ring of resist corrosion
 q - a +4 ring of evasion (right hand)
 v - an amulet of magic regeneration (around neck)
 Q - a ring of positive energy
Wands
 s - a wand of polymorph (2)
 u - a wand of digging (2)
 A - a wand of flame (35)
Scrolls
 n - 3 scrolls of blinking
 r - 2 scrolls of silence
 w - 6 scrolls of teleportation
 D - 3 scrolls of amnesia
 F - a scroll of fog
 H - a scroll of poison
 K - 3 scrolls of fear
Potions
 b - 4 potions of attraction
 i - a potion of resistance
 j - 3 potions of cancellation
 k - 2 potions of brilliance
 o - 2 potions of mutation
 p - 7 potions of might
 G - 2 potions of haste
 I - 2 potions of magic
 J - 3 potions of curing
 M - 2 potions of lignification
 T - a potion of ambrosia
Miscellaneous
 O - a condenser vane (inert)


   Skills:
 - Level 4.0 Fighting
 + Level 8.0 Long Blades
 + Level 12.4 Dodging
 + Level 12.4 Stealth
 - Level 8.0 Spellcasting
 - Level 6.6 Conjurations
 + Level 14.9 Air Magic


You had 11 spell levels left.
You knew the following spells:

 Your Spells              Type           Power      Damage    Failure   Level
a - Shock                 Conj/Air       100%       1d9       1%          1
b - Static Discharge      Conj/Air       57%        3-11/arc  1%          2
c - Swiftness             Air            69%        N/A       1%          3
d - Airstrike             Air            34%        2d(5-21)  1%          4
e - Poisonous Vapours     Pois/Air       90%        N/A       1%          2
f - Lightning Bolt        Conj/Air       28%        1d45      6%          5

Your spell library contained the following spells:

 Spells                   Type           Power      Damage    Failure   Level
 Foxfire                  Conj/Fire      100%       2x1d9     4%          1
 Conjure Flame            Conj/Fire      25%        6-21      14%         3
 Necrotise                Necr           36%        1d5       19%         1
 Freezing Cloud           Conj/Ice/Air   22%        6-21      26%         5
 Flame Wave               Conj/Fire      25%        2d8       41%         4
 Inner Flame              Hex/Fire       9%         N/A       47%         3
 Vampiric Draining        Necr           9%         2d6       47%         3
 Agony                    Necr           9%         N/A       99%         5
 Simulacrum               Ice/Necr       4%         N/A       100%        6
 Discord                  Hex            4%         N/A       100%        8
 Polar Vortex             Ice            4%         N/A       100%        9


Dungeon Overview and Level Annotations

Branches:
Dungeon (11/15)            Temple (1/1) D:4            Lair (4/5) D:11
  Swamp (0/4) Lair:3       Spider (0/4) Lair:2          Orc (0/2) D:11
  Slime: Lair:4-5

Altars:
Ashenzari
Cheibriados
Dithmenos
Elyvilon
Fedhas
Gozag
Hepliaklqana
Kikubaaqudgha
Makhleb
Nemelex Xobeh
Okawaru
Qazlal
Ru
Sif Muna
Trog
Uskayaw
Vehumet
Wu Jian
Xom
Yredelemnul
Zin
The Shining One

Shops:
D:2 (

Portals:
Ice
Cave: Lair:4

Annotations:
Lair:1 3 runed translucent doors, Hiufoemo's ghost, journeyman DjWr


Innate Abilities, Weirdness & Mutations

You have a beak for a mouth.
You have claws for feet.
Your magical nature lets you fly swiftly and evasively.


Message History

Okay, then.
Clouds of noxious fumes condense around you!
The condenser dries out!
Something misses Zonian's illusion.
Okay, then.
Casting: Static Discharge (safe; 1% risk of failure)
Confirm with . or Enter, or press ? or * to list all spells.
The four-headed hydra is struck by an arc of lightning.
The four-headed hydra is heavily wounded.
You resist.
You are struck by an arc of lightning.
The four-headed hydra is struck by an arc of lightning.
The four-headed hydra is heavily wounded.
You resist.
You are struck by an arc of lightning.
The four-headed hydra bites you.
* * * LOW HITPOINT WARNING * * *
The four-headed hydra bites you but does no damage.
The four-headed hydra completely misses you.
The four-headed hydra closely misses you.
Something stings Zonian's illusion!!
Unknown command.
Casting: Static Discharge (safe; 1% risk of failure)
Confirm with . or Enter, or press ? or * to list all spells.
The four-headed hydra is struck by an arc of lightning.
The four-headed hydra is heavily wounded.
You resist.
You are struck by an arc of lightning.
Something stings Zonian's illusion!
The four-headed hydra completely misses you.
The four-headed hydra misses you.
The four-headed hydra closely misses you.
The four-headed hydra bites you!
* * * LOW HITPOINT WARNING * * *
Okay, then.
You draw a card...
You have drawn Degeneration.
The four-headed hydra evaporates and reforms as an ice dragon!
The ice dragon twists and deforms.
Something barely misses Zonian's illusion.
Something completely misses Zonian's illusion.
The ice dragon breathes frost at you. The blast of cold hits you!!
You die...
Your body glows with a rainbow of weird colours and disappears.

#... ## ..#
##..###.#..Y.###
#...... +........
#....# .........
#....# #....#.#
#..§§###.....# ##
#.F§§.......###.###
#@#D§..#...........
##@#.#.............
###...#...........
........|..........
...........†.......
...................
............#...#..
P##..#.#....####..#
#.###......#.#..##
.. #.............


You could see an ice dragon (catching breath, misshapen) and the friendly
Zonian's illusion (summoned).

Vanquished Creatures
  A spark wasp (Lair:1)
  A fire dragon (Lair:1)
  2 boulder beetles
  3 hydras (Lair:3)
  A two-headed ogre (D:9)
  8 death yaks
  A sea snake (Lair:4)
  A deep elf pyromancer (D:10)
  A centaur zombie (D:10)
  2 black mambas (Lair:4)
  Joseph (D:7)
  8 cane toads
  2 centaur skeletons (D:10)
  A torpor snail (Lair:2)
  A gargoyle (D:11)
  A komodo dragon (Lair:4)
  3 rime drakes
  A hellwing (D:10)
  4 trolls
  A meliai (Lair:2)
  A raiju (D:10)
  A hornet (D:7)
  9 blink frogs
  3 shadows (D:11)
  A wraith (D:11)
  25 yaks
  4 wyverns
  3 basilisks
  A steam dragon (D:9)
  A hog (Lair:4)
  5 vampire mosquitoes
  2 two-headed ogre zombies (D:11)
  5 swamp worms
  2 acid dragons (D:11)
  4 orc warriors
  7 water moccasins
  An ice beast (D:7)
  A black bear (Lair:1)
  2 sky beasts (D:7)
  3 centaurs
  3 wolves (Lair:1)
  An ogre (D:5)
  A boggart (Lair:4)
  A phantom (D:11)
  2 kobold brigands
  13 bullfrogs
  2 necrophages
  4 scorpions
  3 wights (D:7)
  A troll zombie (D:11)
  6 killer bees
  2 howler monkeys (D:8)
  An electric eel (Lair:3)
  A lava snake (Lair:1)
  4 hounds
  4 orc priests
  2 jellies (D:5)
  A gnoll bouda (D:7)
  Terence (D:3)
  Natasha (thrice) (D:2)
  6 iguanas
  7 orc wizards
  A hell rat (D:11)
  A boggart skeleton (D:10)
  5 ogre zombies (D:11)
  11 gnolls
  3 adders
  A river rat (D:11)
  4 shadow imps (D:10)
  A white imp (D:6)
  An ufetubus (D:6)
  7 worms
  A dart slug (D:2)
  27 orcs
  3 bats
  10 endoplasms
  4 giant cockroaches
  8 goblins
  5 hobgoblins
  9 jackals
  4 quokkas
  2 ball pythons
  5 frilled lizards
  3 goblin skeletons (D:11)
  5 goblin zombies (D:11)
  A hobgoblin skeleton (D:11)
  2 hobgoblin zombies (D:11)
  10 kobolds
  3 orc skeletons (D:11)
  11 orc zombies (D:11)
  12 rats
354 creatures vanquished.

Vanquished Creatures (collateral kills)
  A wolf spider zombie (D:10)
  A centaur zombie (D:10)
  A centaur skeleton (D:10)
  A troll (D:10)
  A blink frog (Lair:4)
  A yak (Lair:4)
  A hell rat (D:11)
  An orc (D:10)
8 creatures vanquished.

Vanquished Creatures (others)
  18 fungi
  22 plants
  6 withered plants (D:10)
46 creatures vanquished.

Grand Total: 408 creatures vanquished

Notes
Turn   | Place    | Note
-------+----------+-------------------------------------------
     0 | D:1      | Zonian the Tengu Air Elementalist began the quest for the
                  | Orb.
     0 | D:1      | Reached XP level 1. HP: 10/10 MP: 4/4
   199 | D:1      | Reached XP level 2. HP: 15/15 MP: 3/6
   268 | D:1      | Got Araun's Precepts of Airy Interference
   525 | D:1      | Reached XP level 3. HP: 16/19 MP: 1/7
  1572 | D:2      | Reached XP level 4. HP: 24/24 MP: 3/8
  1887 | D:2      | Noticed Natasha
  1891 | D:2      | Killed Natasha
  1892 | D:2      | Gained mutation: Your magical nature lets you fly swiftly
                  | and evasively. [Tengu growth]
  1892 | D:2      | Reached XP level 5. HP: 28/28 MP: 0/10
  2219 | D:2      | Noticed Natasha
  2229 | D:2      | Killed Natasha
  2230 | D:2      | Reached skill level 5 in Air Magic
  2676 | D:2      | Found Munuep's Antique Weapon Shoppe.
  2845 | D:2      | Found a faded altar of an unknown god.
  3250 | D:2      | Noticed Natasha
  3267 | D:2      | Killed Natasha
  3268 | D:2      | Reached XP level 6. HP: 3/32 MP: 7/11
  4482 | D:3      | Noticed Terence
  4489 | D:3      | Killed Terence
  4796 | D:3      | Found a hide-covered altar of Uskayaw.
  4886 | D:3      | Learned a level 2 spell: Static Discharge
  4890 | D:3      | Learned a level 3 spell: Swiftness
  5294 | D:4      | Found a staircase to the Ecumenical Temple.
  5314 | Temple   | Entered the Ecumenical Temple
  5361 | Temple   | Became a worshipper of Nemelex Xobeh the Trickster
  5456 | D:4      | Found a sacrificial altar of Ru.
  6024 | D:4      | Reached * piety under Nemelex Xobeh
  6076 | D:4      | Received a gift from Nemelex Xobeh
  6212 | D:5      | Entered Level 5 of the Dungeon
  6265 | D:5      | Reached XP level 7. HP: 36/36 MP: 8/13
  6304 | D:5      | Noticed a wyvern
  6372 | D:5      | Reached skill level 6 in Air Magic
  6776 | D:5      | Found a hazy altar of Hepliaklqana.
  6776 | D:5      | Found a basalt altar of Yredelemnul.
  6777 | D:5      | Found a broken altar of Ashenzari.
  6778 | D:5      | Found a shadowy altar of Dithmenos.
  6778 | D:5      | Found a burning altar of Makhleb.
  6778 | D:5      | Found a shimmering blue altar of Sif Muna.
  6779 | D:5      | Found a blossoming altar of Fedhas.
  6790 | D:5      | Found a radiant altar of Vehumet.
  7435 | D:5      | Killed a wyvern
  7436 | D:5      | Reached skill level 5 in Conjurations
  7436 | D:5      | Reached XP level 8. HP: 36/41 MP: 8/15
  7917 | D:6      | Reached ** piety under Nemelex Xobeh
  7954 | D:6      | Reached skill level 5 in Dodging
  8163 | D:6      | Reached skill level 5 in Stealth
  8500 | D:6      | Identified the +7 falchion "Killer Klown's Peril" {flame,
                  | rElec}
  8989 | D:6      | Reached skill level 7 in Air Magic
  9211 | D:7      | Noticed Joseph
  9211 | D:7      | Noticed a hornet
  9465 | D:7      | Found a snail-covered altar of Cheibriados.
  9822 | D:7      | Killed a hornet
  9823 | D:7      | Reached skill level 5 in Spellcasting
  9823 | D:7      | Reached XP level 9. HP: 45/45 MP: 17/17
  9828 | D:7      | Learned a level 4 spell: Airstrike
  9851 | D:7      | Noticed a troll
  9876 | D:7      | Killed a troll
  9877 | D:7      | Reached skill level 8 in Air Magic
 10535 | D:7      | Paralysed by an orc for 3 turns
 11373 | D:7      | Killed Joseph
 11374 | D:7      | Reached skill level 9 in Air Magic
 12084 | D:8      | Identified the +4 ring mail of the Dancing Gods {rF+ Int+4
                  | Stlth+}
 12223 | D:8      | Found an ornate altar of the Wu Jian Council.
 12536 | D:9      | Reached *** piety under Nemelex Xobeh
 12536 | D:9      | Received a gift from Nemelex Xobeh
 12548 | D:9      | Found an opulent altar of Gozag.
 12549 | D:9      | Found a bloodstained altar of Trog.
 12834 | D:9      | Reached XP level 10. HP: 50/50 MP: 15/20
 13340 | D:9      | Noticed a two-headed ogre
 13356 | D:9      | Killed a two-headed ogre
 13828 | D:9      | Reached skill level 10 in Air Magic
 13869 | D:9      | Found a glowing silver altar of Zin.
 14211 | D:10     | Entered Level 10 of the Dungeon
 14317 | D:10     | Received a gift from Nemelex Xobeh
 14352 | D:10     | Noticed Snorg
 14731 | D:10     | Reached XP level 11. HP: 38/54 MP: 4/23
 14769 | D:10     | Reached skill level 11 in Air Magic
 14955 | D:10     | Noticed a deep elf pyromancer
 15240 | D:10     | Killed a deep elf pyromancer
 15444 | D:10     | Noticed Snorg
 15444 | D:10     | Snorg changed into Snorg the raiju
 15445 | D:10     | Killed Snorg the raiju
 17001 | D:11     | Learned a level 2 spell: Poisonous Vapours
 17030 | D:11     | Found a staircase to the Orcish Mines.
 17349 | D:11     | Noticed a boulder beetle
 17362 | D:11     | Received a gift from Nemelex Xobeh
 17898 | D:11     | Noticed a death yak
 17899 | D:11     | Noticed a death yak
 17910 | D:11     | Killed a death yak
 17911 | D:11     | Reached skill level 1 in Fighting
 17911 | D:11     | Reached skill level 1 in Long Blades
 17912 | D:11     | Noticed a death yak
 18604 | D:11     | Reached skill level 12 in Air Magic
 18805 | D:11     | Found a staircase to the Lair.
 18847 | D:11     | Killed a death yak
 18848 | D:11     | Reached skill level 10 in Dodging
 18849 | D:11     | Reached skill level 10 in Stealth
 19095 | D:11     | Killed a boulder beetle
 19096 | D:11     | Reached XP level 12. HP: 39/64 MP: 18/25
 19686 | Lair:1   | Entered Level 1 of the Lair of Beasts
 19776 | Lair:1   | Reached **** piety under Nemelex Xobeh
 20116 | Lair:1   | Found a runed translucent gate.
 20125 | Lair:1   | Found a runed translucent gate.
 20131 | Lair:1   | Found a runed translucent gate.
 20150 | Lair:1   | Noticed a five-headed hydra
 20151 | Lair:1   | Noticed a spark wasp
 20151 | Lair:1   | a five-headed hydra changed into a spark wasp
 20159 | Lair:1   | Killed a spark wasp
 20437 | Lair:1   | Received a gift from Nemelex Xobeh
 20547 | Lair:1   | Noticed Hiufoemo's ghost (journeyman DjWr)
 20661 | Lair:1   | Noticed a fire dragon
 20668 | Lair:1   | Killed a fire dragon
 21170 | Lair:2   | Reached ***** piety under Nemelex Xobeh
 21233 | Lair:2   | Reached skill level 13 in Air Magic
 21484 | Lair:2   | Reached skill level 5 in Long Blades
 21729 | Lair:2   | Received a gift from Nemelex Xobeh
 21834 | Lair:2   | Found a hole to the Spider Nest.
 22524 | Lair:2   | Received a gift from Nemelex Xobeh
 23554 | Lair:3   | Noticed a death yak
 24103 | Lair:3   | Found a stormy altar of Qazlal.
 24111 | Lair:3   | Noticed a six-headed hydra
 24159 | Lair:3   | Killed a six-headed hydra
 24299 | Lair:3   | Received a gift from Nemelex Xobeh
 24529 | Lair:3   | Noticed a four-headed hydra
 24549 | Lair:3   | Killed a four-headed hydra
 24550 | Lair:3   | Reached XP level 13. HP: 70/70 MP: 15/26
 24770 | Lair:3   | Found a staircase to the Swamp.
 25052 | Lair:3   | Reached skill level 14 in Air Magic
 25392 | Lair:3   | Received a gift from Nemelex Xobeh
 25614 | Lair:3   | Learned a level 5 spell: Lightning Bolt
 25750 | Lair:4   | Found a frozen archway.
 25883 | Lair:4   | Received a gift from Nemelex Xobeh
 26021 | Lair:4   | Noticed an ice dragon
 26021 | Lair:4   | a four-headed hydra changed into an ice dragon
 26021 | Lair:4   | Killed from afar by an ice dragon

Illustrated notes

Levels and vault maps discovered:
D:1:      evilmike_arrival_hilbert_curve, layout_rooms, minmay_misc_feat_pillars
D:2:      layout_loops_corners, shapermc_ecumenical_altar_notcrosses,
          serial_shops, shop_coins, uniq_natasha
D:3:      layout_loops_ring, mainiacjoe_overflow_six_doors_small,
          columned_hall_lemuel, minmay_between, uniq_terence
D:4:      layout_gridville, mainiacjoe_overflow_24_doors, temple_pool_b
D:5:      layout_loops_corners, grunt_temple_overflow_open, fiery_altar_vehumet,
          kennysheep_small_spiral
D:6:      layout_basic
D:7:      layout_cave_pools, mainiacjoe_overflow_boulevard, dk_noncrumbling_3,
          kennysheep_pointless_box, dk_rats_in_the_wall, uniq_joseph
D:8:      minmay_octagon_keep, layout_loops_cross,
          mainiacjoe_overflow_surrounded_room
D:9:      layout_long_grid, nicolae_overflow_two_pavilions, lemuel_tele_altar,
          st_stairs_1
D:10:     cheibrodos_grave_circle, layout_small_grid, minivault_26,
          fungi_pond_lemuel, uniq_snorg
D:11:     layout_loops_ring, dpeg_lair_monsters, zombieorc2_lemuel,
          minmay_fractal_squares_gapless_5
Temple:   hellmonk_temple_of_storms
Lair:1:   dragon1_lemuel, layout_cellular_growth, gammafunk_ghost_necromancy,
          chequers_serial_rivers_micro_c
Lair:2:   layout_hall_layers, hellmonk_spider_entry_not_the_bees,
          nicolae_lair_grove_arrangements, st_stairs_13, worms_lemuel,
          lemuel_fruit_fields
Lair:3:   layout_gridlike, palyth_hydra_swamp_entry, enter_volcano_2,
          basic_altar, st_stairs_13
Lair:4:   layout_regular_city, portal_ice_cave_entry_pillars_2,
          grunt_megastairs_5

Skill      XL: |  1  2  3  4  5  6  7  8  9 10 11 12 13 |
---------------+----------------------------------------+-----
Conjurations   | 2 3 4 5 6 |  6.6
Dodging        | 3 4 6 7 8 10 11 12 | 12.4
Stealth        | 3 4 5 7 8 10 11 12 | 12.4
Air Magic      | 5 6 7 9 10 12 13 14 | 14.9
Spellcasting   | 3 4 5 6 7 8 |  8.0
Fighting       | 3 4 |  4.0
Long Blades    | 3 6 8 |  8.0

Action                   |  1- 3 |  4- 6 |  7- 9 | 10-12 | 13-15 || total
-------------------------+-------+-------+-------+-------+-------++-------
Melee: Spear             |     2 |       |       |       |       ||     2
       Kick              |     3 |     5 |     3 |    25 |     6 ||    42
       Staff             |     5 |    15 |     5 |    47 |     3 ||    75
       Peck              |       |     2 |     4 |    13 |     2 ||    21
       Punch             |       |     1 |       |     1 |       ||     2
       Falchion          |       |       |    14 |     8 |     4 ||    26
 Cast: Shock             |    65 |   140 |   214 |   366 |    42 ||   827
       Static Discharge  |       |       |    28 |   116 |    56 ||   200
       Airstrike         |       |       |       |    51 |     2 ||    53
       Poisonous Vapours |       |       |       |     2 |    14 ||    16
       Swiftness         |       |       |       |     1 |       ||     1
Invok: Draw Destruction  |       |       |     4 |     9 |    14 ||    27
       Draw Summoning    |       |       |       |     3 |     1 ||     4
       Draw Escape       |       |       |       |     2 |       ||     2
Evoke: Wand              |       |       |       |     2 |       ||     2
       Condenser vane    |       |       |       |       |     1 ||     1
  Use: Potion            |       |     1 |     1 |       |     3 ||     5
       Scroll            |       |    12 |    10 |     8 |     4 ||    34
 Stab: Sleeping          |       |     2 |     1 |     2 |     1 ||     6
       Distracted        |       |       |       |     2 |       ||     2
Armor: Robe              |     3 |     6 |     5 |       |       ||    14
       Ring mail         |       |       |     4 |    65 |    10 ||    79
Dodge: Dodged            |     9 |    31 |    97 |   212 |    78 ||   427

Table legend: (Time is in decaauts)
 A = Elapsed time spent in this place.
 B = Non-inter-level travel time spent in this place.
 C = Inter-level travel time spent in this place.
 D = Time resting spent in this place.
 E = Time spent auto-exploring this place.
 F = Levels seen in this place.
 G = Mean time per level.
                   A        B        C        D        E       F      G
               +--------+--------+--------+--------+--------+-----+--------+
         Total |  25032 |  24519 |    513 |  11505 |   8847 |  16 | 1564.5 |
       Dungeon |  18896 |  18490 |    406 |   8859 |   6475 |  11 | 1717.8 |
        Temple |     49 |     43 |      6 |      0 |      0 |   1 |   49.0 |
          Lair |   6086 |   5986 |    100 |   2645 |   2371 |   4 | 1521.5 |
               +--------+--------+--------+--------+--------+-----+--------+

Top non-repeatable levels by time:
  Lair:2: 2981 daAuts
    D:11: 2898 daAuts
    D:10: 2406 daAuts
     D:7: 2368 daAuts
     D:1: 2274 daAuts
     D:2: 1821 daAuts
     D:6: 1647 daAuts
     D:9: 1620 daAuts
     D:5: 1549 daAuts
  Lair:3: 1510 daAuts
  Lair:1: 1231 daAuts
     D:3: 1015 daAuts
     D:4: 831 daAuts
     D:8: 463 daAuts
  Lair:4: 363 daAuts
